 Dungeon Crawl Stone Soup version 0.17-a0-1763-g847a857 (webtiles) character file.

64 Medar the Scratcher (level 3, -2/15 HPs)
             Began as a Felid Transmuter on Sept 4, 2015.
             Killed by nerve-wracking pain
             ... invoked by an orc priest
              (13 damage)
             ... on level 3 of the Dungeon.
             The game lasted 00:08:32 (2174 turns).

Medar the Scratcher (Felid Transmuter)              Turns: 2174, Time: 00:08:32

Health: -2/15      AC:  2    Str:  6    XL:     3   Next: 91%
Magic:  4/7        EV: 21    Int: 15    God:
Gold:   157        SH:  0    Dex: 21    Spells: 3 memorised, 0 levels left
                                        Lives:  0   Deaths: 0

rFire  . . .     SeeInvis +       - Unarmed
rCold  . . .     Clarity  .     (armour unavailable)
rNeg   . . .     SustAt   .     (shield unavailable)
rPois  x         Gourm    .     (helmet unavailable)
rElec  .         Spirit   .     (cloak unavailable)
rCorr  .         Warding  .     (gloves unavailable)
rMut   .         Stasis   .     (boots unavailable)
MR     .....                    (no amulet)
Stlth  ++........               (no ring)
                                (no ring)

@: spider-form (expiring), not resistant to hostile enchantments, unstealthy
A: no armour, no weapons or thrown items, (claws 0), (fangs 0), see invisible,
carnivore 3, (speed 0), (shaggy fur 0), slow metabolism 1, (sharp paws)
a: End Transformation


You were on level 3 of the Dungeon.
You were completely stuffed.
You were a venomous arachnid creature.
You visited 1 branch of the dungeon, and saw 3 of its levels.

You collected 157 gold pieces.

Inventory:

Missiles
 a - 28 arrows
Scrolls
 e - a scroll of amnesia
 f - a scroll of teleportation
 g - a scroll of fog {unknown}
 h - a scroll of recharging
 k - 2 scrolls of identify {@r2}
 m - a scroll of noise {unknown}
 n - a scroll of magic mapping {unknown}
Potions
 d - 3 potions of lignification {unknown}
 l - a potion of heal wounds
Books
 b - a book of Changes

   Spells                             Type                      Level
   a - Beastly Appendage              Transmutation                1
   b - Sticks to Snakes               Transmutation                2
   c - Spider Form                    Transmutation/Poison         3
   d - Ice Form                       Ice/Transmutation            4
   e - Blade Hands                    Transmutation                5
Comestibles
 c - a meat ration {@e2}
 i - a chunk of flesh
 j - a beef jerky


   Skills:
 - Level 1.0 Fighting
 - Level 2.6 Dodging
 - Level 4.2 Unarmed Combat
 - Level 2.0 Spellcasting
 - Level 3.4 Transmutations
 + Level 0.0 Poison Magic


You couldn't memorise any spells.
You knew the following spells:

 Your Spells              Type           Power        Failure   Level  Hunger
d - Sticks to Snakes      Trmt           ##........   28%         2    ###....
f - Spider Form           Trmt/Pois      #.........   56%         3    ###....
s - Beastly Appendage     Trmt           ##....       21%         1    #......


Dungeon Overview and Level Annotations

Branches:
Dungeon (3/15)

Altars:
Makhleb

Annotations:
D:3 Sigmund


Innate Abilities, Weirdness & Mutations

You cannot wear armour.
You are incapable of wielding weapons or throwing items.
((You have sharp claws.))
((You have razor-sharp teeth.))
You have supernaturally acute eyesight.
You are carnivorous and can eat meat at any time.
((You cover ground quickly.))
((You are covered in fur (AC +1).))
You have a slow metabolism.
((Your sharp claws are effective at attacking unaware monsters.))


Message History

An orc comes into view.
Your transformation is almost over.
Read which item? (? for menu, Esc to quit)
Okay, then.
An orc comes into view. It is wielding a hand axe.
The orc shouts!
An orc wizard comes into view. It is wielding a dagger.
Some of the chunks of flesh in your inventory have rotted away.
You closely miss the orc. The orc misses you.
The orc wizard shouts!
You hit the orc priest.
The orc priest is poisoned.
The orc priest is lightly wounded.
The orc priest hits you with a club. The orc misses you.
You hit the orc priest but do no damage.
The orc priest looks even sicker.
The orc priest is moderately wounded.
The orc priest mumbles some strange prayers to Beogh against you.
Pain shoots through your body!
Ouch! That really hurt!
You die...

..........#
###.####### #.# #.#
#.## #..# ##.#
############
#.########....o......
#.##.........s#..o...
#.##.#####.##oo.#####
####.##.# #.######
.....[..# #.#
######..# ..# #..#
### ..... ##..###
#..#


You could see an orc priest and 2 orcs.

Vanquished Creatures
  3 oozes
  A giant gecko (D:2)
  3 orcs (D:3)
  A ball python (D:1)
  7 goblins
  2 hobgoblins (D:1)
  3 jackals (D:1)
  3 kobolds
  6 bats
  4 giant cockroaches
  2 giant newts (D:1)
  2 quokkas (D:2)
  6 rats
43 creatures vanquished.

Vanquished Creatures (collateral kills)
  A worm (D:2)
1 creature vanquished.

Grand Total: 44 creatures vanquished

Notes
Turn   | Place    | Note
--------------------------------------------------------------
     0 | D:1      | Medar the Felid Transmuter began the quest for the Orb.
     0 | D:1      | Reached XP level 1. HP: 9/9 MP: 4/4
     7 | D:1      | Found a burning altar of Makhleb.
   147 | D:1      | Reached XP level 2. HP: 12/12 MP: 3/6
   151 | D:1      | Learned a level 2 spell: Sticks to Snakes
   691 | D:1      | Reached skill level 4 in Unarmed Combat
   848 | D:1      | Reached XP level 3. HP: 15/15 MP: 5/7
   853 | D:1      | Learned a level 3 spell: Spider Form
  1968 | D:3      | Noticed Sigmund
  2174 | D:3      | Killed from afar by an orc priest

Vault maps used:
D:1:      sevenhm_arrival_forest_fort_small_6
D:3:      first_bread, okawaru_altar_gauntlet_db, uniq_sigmund

Action                   || total
-------------------------++-------
Melee: Unarmed           ||    95
 Cast: Beastly Appendage ||    27
       Sticks to Snakes  ||     2
       Spider Form       ||     1
  Use: Scroll            ||     5
 Stab: Sleeping          ||     4
  Eat: Chunk             ||    10
